 Dungeon Crawl Stone Soup version 0.29.1-13-g9f3cf754e1 (webtiles) character file.

Game seed: 6857589371933799729

254 venomsnake the Trooper (level 5, -4/50 HPs)
             Began as a Minotaur Berserker on Jan 21, 2023.
             Was a Believer of Trog.
             Slain by a black bear (6 damage)
             ... on level 3 of the Dungeon on Jan 28, 2023.
             The game lasted 00:04:55 (2327 turns).

venomsnake the Trooper (Minotaur Berserker)         Turns: 2327, Time: 00:04:56

Health: -4/50      AC:  3    Str: 24    XL:     5   Next: 91%
Magic:  4/4        EV: 12    Int:  4    God:    Trog [**....]
Gold:   89         SH:  0    Dex:  9    Spells: 4/4 levels left

rFire   + . .      SeeInvis .   a - +0 hand axe
rCold   . . .      Faith    .   (no shield)
rNeg    . . .      Spirit   .   p - +0 leather armour
rPois   .          Reflect  .   (helmet restricted)
rElec   .          Harm     .   (no cloak)
rCorr   .          Rampage  .   (no gloves)
Will    .....                   (no boots)
Stlth   +.........              (no amulet)
HPRegen 0.16/turn               l - ring of protection from fire
MPRegen 0.09/turn               (no ring)

@: no status effects
A: horns 2, retaliatory headbutt
a: Renounce Religion, Berserk, Trog's Hand


You were on level 3 of the Dungeon.
You worshipped Trog.
Trog was pleased with you.
You visited 1 branch of the dungeon, and saw 3 of its levels.

You collected 89 gold pieces.

Inventory:

Hand Weapons
 a - a +0 hand axe (weapon)
Armour
 b - a +0 animal skin
 p - a +0 leather armour (worn)
Jewellery
 l - a ring of protection from fire (left hand)
Wands
 o - a wand of flame (16)
Scrolls
 d - a scroll of blinking {unknown}
 e - 2 scrolls of poison {unknown}
 g - 5 scrolls of identify {unknown}
 i - 3 scrolls of fear {unknown}
 n - a scroll of noise {unknown}
Potions
 c - a potion of magic {unknown}
 f - a potion of attraction {unknown}
 h - a potion of heal wounds {unknown}
 j - 2 potions of curing {unknown}
 k - 2 potions of mutation {unknown}
 m - a potion of resistance {unknown}
 q - a potion of degeneration {unknown}


   Skills:
 * Level 5.7 Fighting
 + Level 4.8 Axes
 + Level 4.0 Armour
 + Level 3.6 Dodging


You had 4 spell levels left.
You didn't know any spells.
Your spell library was empty.

Dungeon Overview and Level Annotations

Branches:
Dungeon (3/15)

Altars:


Innate Abilities, Weirdness & Mutations

You have a pair of horns on your head.
You reflexively headbutt those who attack you in melee.


Message History

You completely miss the black bear.
The black bear is moderately wounded.
The black bear bites you. The black bear closely misses you.
The black bear claws you.
You are too injured to fight recklessly!
You are too injured to fight recklessly!
You are too injured to fight recklessly!
You barely miss the black bear.
The black bear is moderately wounded.
The black bear bites you. The black bear misses you. x2
You slash the black bear!
The black bear is heavily wounded.
The black bear bites you. The black bear misses you. The black bear claws you.
You slash the black bear!
You headbutt the black bear, but do no damage.
The black bear is almost dead.
The black bear goes berserk!
The black bear completely misses you. You furiously retaliate!
You headbutt the black bear, but do no damage.
The black bear claws you. The black bear closely misses you.
You closely miss the black bear.
The black bear is almost dead.
The black bear bites you!
* * * LOW HITPOINT WARNING * * *
The black bear closely misses you. The black bear completely misses you.
You barely miss the black bear.
The black bear is almost dead.
The black bear barely misses you. The black bear claws you.
* * * LOW HITPOINT WARNING * * *
The black bear barely misses you. The black bear bites you.
* * * LOW HITPOINT WARNING * * *
The black bear claws you.
* * * LOW HITPOINT WARNING * * *
The black bear barely misses you.
You closely miss the black bear.
The black bear is almost dead.
The black bear bites you.
* * * LOW HITPOINT WARNING * * *
The black bear claws you.
You die...

....##########.###
.#..# #...# .##.+
#.#.# #.#.# #.#.#
#.#.# #.#.# +.#.#
#.#@# #.h........
. .......#####.
###.###.# ... .#
#.# .# ... .# .#
..


You could see a black bear (berserk).

Vanquished Creatures
  Sigmund (D:2)
  An orc priest (D:3)
  3 adders (D:2)
  A worm (D:2)
  A dart slug (D:2)
  2 orcs (D:3)
  A bat (D:2)
  4 endoplasms
  A giant cockroach (D:1)
  4 goblins
  3 hobgoblins (D:1)
  6 kobolds
  2 quokkas
  6 ball pythons
  4 rats
40 creatures vanquished.

Vanquished Creatures (others)
  5 fungi (D:2)
  4 plants (D:2)
9 creatures vanquished.

Grand Total: 49 creatures vanquished

Notes
Turn   | Place    | Note
-------+----------+-------------------------------------------
     0 | D:1      | venomsnake the Minotaur Berserker began the quest for the
                  | Orb.
     0 | D:1      | Reached XP level 1. HP: 19/19 MP: 0/0
   274 | D:1      | Reached XP level 2. HP: 27/27 MP: 1/1
   303 | D:1      | Reached skill level 4 in Fighting
  1007 | D:2      | Noticed Sigmund
  1016 | D:2      | Killed Sigmund
  1017 | D:2      | Reached skill level 5 in Fighting
  1017 | D:2      | Reached XP level 3. HP: 26/36 MP: 2/2
  1017 | D:2      | Reached XP level 4. HP: 31/42 MP: 3/3
  1017 | D:2      | Reached XP level 5. HP: 35/48 MP: 4/4
  1484 | D:2      | Found a faded altar of an unknown god.
  1490 | D:2      | Reached ** piety under Trog
  2318 | D:3      | Noticed a black bear
  2327 | D:3      | HP: 2/50 [black bear (2)]
  2327 | D:3      | Slain by a black bear

Illustrated notes

Levels and vault maps discovered:
D:1:      lemuel_arrival_cross, layout_basic
D:2:      layout_basic, dreamdust_ecumenical_altar_grove, dk_noncrumbling_3,
          minmay_vboxes, uniq_sigmund
D:3:      layout_loops_cross, overflow_temple_1_default,
          worldfamousw_hep_ancestral_shrine, mainiacjoe_overflow_paths,
          minivault_25, hangedman_decor_slide_cut, minivault_25,
          guppyfry_early_lair_pool

Skill      XL: |  1  2  3  4  5 |
---------------+----------------+-----
Fighting       | 5 |  5.7
Axes           | 4 |  4.8
Armour         | 3 4 |  4.0
Dodging        | 3 |  3.6

Action                   |  1- 3 |  4- 6 || total
-------------------------+-------+-------++-------
Melee: Hand axe          |    36 |    55 ||    91
       Headbutt          |     5 |     7 ||    12
Invok: Berserk           |     1 |       ||     1
Armor: Animal skin       |     2 |     3 ||     5
Dodge: Dodged            |    22 |    36 ||    58
